 Dungeon Crawl Stone Soup version 0.21-a0-264-g3e31e41 (webtiles) character file.

127 Pnyx the Vexing (level 4, 0/21 HPs)
             Began as a Spriggan Enchanter on Sept 9, 2017.
             Slain by a hobgoblin (1 damage)
             ... on level 2 of the Dungeon.
             The game lasted 00:07:21 (3587 turns).

Pnyx the Vexing (Spriggan Enchanter)                Turns: 3587, Time: 00:07:22

Health: 0/21       AC:  2    Str:  6 (9)  XL:     4   Next: 85%
Magic:  2/11       EV: 18    Int: 15 (17) God:
Gold:   216        SH:  0    Dex: 16      Spells: 3/12 levels left

rFire    . . .     SeeInvis +   h - -3 dagger (curse)
rCold    . . .     Gourm    .   (shield restricted)
rNeg     . . .     Faith    .   b - +0 robe
rPois    .         Spirit   .   (helmet restricted)
rElec    .         Reflect  .   (no cloak)
rCorr    .         Harm     .   (gloves unavailable)
MR       .....                  (boots unavailable)
Stlth    +++.......             (no amulet)
HPRegen  0.07/turn              (no ring)
MPRegen  0.12/turn              (no ring)

@: mighty, very slightly contaminated, very quick
A: unfitting armour, see invisible, herbivore 3, speed 3, slow metabolism 2
a: no special abilities


You were on level 2 of the Dungeon.
You were not hungry.

You visited 1 branch of the dungeon, and saw 3 of its levels.

You collected 216 gold pieces.

Inventory:

Hand Weapons
 a - a +1 dagger
 h - a cursed -3 dagger (weapon)
Armour
 b - a +0 robe (worn)
Potions
 e - 4 potions of brilliance
Books
 c - a book of Maledictions

   Spells                             Type                      Level
   a - Corona                         Hexes                        1
   b - Ensorcelled Hibernation        Hexes/Ice                    2
   c - Confuse                        Hexes                        3
   d - Tukima's Dance                 Hexes                        3
   e - Dazzling Spray                 Conjuration/Hexes            3
Comestibles
 d - 2 bread rations


   Skills:
 - Level 1.1 Short Blades
 - Level 3.0 Dodging
 - Level 4.4 Stealth
 + Level 4.5 Spellcasting
 + Level 5.6 Hexes


You had 3 spell levels left.
You knew the following spells:

 Your Spells              Type           Power        Failure   Level  Hunger
a - Ensorcelled Hibernat  Hex/Ice        ##....       9%          2    ##.....
b - Corona                Hex            ###....      1%          1    None
c - Confuse               Hex            ###.....     4%          3    ###....
d - Tukima's Dance        Hex            ###.....     4%          3    ###....


Dungeon Overview and Level Annotations

Branches:
Dungeon (3/15)

Altars:
Ru


Innate Abilities, Weirdness & Mutations

You are very small and have problems with some larger weapons.
You are too small for most types of armour.
You have supernaturally acute eyesight. (SInv)
You are a herbivore.
You cover ground extremely quickly.
You need consume almost no food.


Message History

You hit the hobgoblin but do no damage.
The hobgoblin is heavily wounded.
The hobgoblin stops glowing.
The hobgoblin closely misses you.
You hit the hobgoblin but do no damage.
The hobgoblin is heavily wounded.
The hobgoblin closely misses you.
Okay, then.
Unknown command.
Unknown command.
Unknown command.
Okay, then.
Unknown command.
Okay, then.
Unknown command.
You feel very mighty all of a sudden. The hobgoblin completely misses you.
You barely miss the hobgoblin.
The hobgoblin is heavily wounded.
The hobgoblin hits you.
You die...

#..##'##
#############.#...#
..................#
##############....#
#...## ##..# #..#
##g# #@# ###


You could see a hobgoblin.

Vanquished Creatures
  Jessica (D:3)
  4 adders
  A worm (D:3)
  A dart slug (D:1)
  2 leopard geckos (D:3)
  An orc (D:2)
  8 bats
  A giant cockroach (D:2)
  7 goblins
  9 hobgoblins
  4 jackals
  A ball python (D:3)
  A frilled lizard (D:1)
  6 kobolds
  8 rats
  A toadstool (D:1)
56 creatures vanquished.

Vanquished Creatures (others)
  4 toadstools (D:1)
4 creatures vanquished.

Grand Total: 60 creatures vanquished

Notes
Turn   | Place    | Note
-------+----------+-------------------------------------------
     0 | D:1      | Pnyx the Spriggan Enchanter began the quest for the Orb.
     0 | D:1      | Reached XP level 1. HP: 9/9 MP: 5/5
   166 | D:1      | Reached skill level 4 in Hexes
   166 | D:1      | Reached XP level 2. HP: 6/13 MP: 4/7
   434 | D:2      | Learned a level 2 spell: Ensorcelled Hibernation
  1670 | D:1      | Reached XP level 3. HP: 16/16 MP: 5/8
  1675 | D:1      | Learned a level 3 spell: Confuse
  2823 | D:3      | Reached skill level 5 in Hexes
  2829 | D:3      | Reached XP level 4. HP: 21/21 MP: 1/11
  2913 | D:3      | Learned a level 3 spell: Tukima's Dance
  2996 | D:3      | Found a sacrificial altar of Ru.
  3254 | D:3      | Noticed Jessica
  3262 | D:3      | Killed Jessica
  3583 | D:2      | HP: 1/21 [hobgoblin (3)]
  3587 | D:2      | Slain by a hobgoblin

Vault maps used:
D:1:      ldierk_walled_garden, palyth_stone_intersect, roderic_serpentine_path
D:3:      grunt_temple_overflow_open, minmay_checkerbox, uniq_jessica

Skill      XL: |  1  2  3 |
---------------+----------+-----
Spellcasting   | 3 4 |  4.5
Hexes          | 4 5 |  5.6
Short Blades   | |  1.1
Dodging        | |  3.0
Stealth        | |  4.4

Action                   |  1- 3 |  4- 6 || total
-------------------------+-------+-------++-------
Melee: Dagger            |   123 |    91 ||   214
 Cast: Corona            |     9 |     1 ||    10
       Ensorcelled Hiber |    17 |    15 ||    32
  Use: Scroll            |     5 |     3 ||     8
       Potion            |     2 |     5 ||     7
 Stab: Sleeping          |    18 |    12 ||    30
       Distracted        |     1 |       ||     1
  Eat: Bread ration      |     1 |       ||     1
Armor: Robe              |    11 |     7 ||    18
Dodge: Dodged            |   123 |    69 ||   192

Table legend:
 A = Spawn XP
 B = Non-spawn XP
 C = Spawn XP percentage of total XP
 D = Spawn monster count
 E = Non-spawn monster count
 F = Spawn count percentage of total count
 G = Total turns spent on level
                    A         B        C        D         E        F      G
               +---------+---------+-------+---------+---------+-------+---------
         Total |       0 |     182 |   0.0 |       0 |      55 |   0.0 |  3587
               +---------+---------+-------+---------+---------+-------+---------
           D:1 |       0 |      40 |   0.0 |       0 |      23 |   0.0 |  1473
           D:2 |       0 |      42 |   0.0 |       0 |      11 |   0.0 |  1345
           D:3 |       0 |     100 |   0.0 |       0 |      21 |   0.0 |   769
               +---------+---------+-------+---------+---------+-------+---------
